 Dungeon Crawl Stone Soup version 0.26.1-10-gdfb7c7de75 (webtiles) character file.

Game seed: 16718212531528219071

1348 H0rd4k the Cutter (level 8, -11/52 (61) HPs)
             Began as a Human Artificer on Mar 31, 2021.
             Was an Initiate of Gozag.
             Shot with an arrow by a centaur (12 damage)
             ... on level 6 of the Dungeon.
             The game lasted 00:11:15 (8750 turns).

H0rd4k the Cutter (Human Artificer)                 Turns: 8750, Time: 00:11:16

HP:   -11/52 (61)   AC:  3    Str: 17    XL:     8   Next: 94%
MP:   8/8           EV: 14    Int: 11    God:    Gozag
Gold: 455           SH:  0    Dex: 16    Spells: 7/7 levels left

rFire    + . .     SeeInvis .   w - +1 dagger (venom)
rCold    + . .     Faith    +   (no shield)
rNeg     + . .     Spirit   .   G - +1 robe "Rujumun" {rF+ Str+2}
rPois    .         Reflect  .   (helmet restricted)
rElec    .         Harm     .   (no cloak)
rCorr    .         Rampage  .   (no gloves)
Will     .....                  (no boots)
Stlth    ++++......             A - amulet of faith
HPRegen  0.17/turn              B - ring of positive energy
MPRegen  0.11/turn              (no ring)

@: gold aura, heavily drained
A: antennae 1, thin skeletal structure 1, cold resistance 1
a: Renounce Religion, Potion Petition, Call Merchant, Bribe Branch


You were on level 6 of the Dungeon.
You worshipped Gozag.
Gozag was aware of your devotion.
You visited 2 branches of the dungeon, and saw 7 of its levels.

You collected 504 gold pieces.
You paid 49 gold pieces to Gozag.

Inventory:

Hand Weapons
 g - a +0 short sword
 q - a +4 hunting sling
 w - a +1 dagger of venom (weapon)
 z - a +0 dagger of freezing
Missiles
 p - 48 poisoned darts (quivered)
 r - 284 stones
Armour
 b - a +1 leather armour
 h - a cursed +0 cloak
 F - the +1 robe of Magic {Harm rElec Str+4 Dex-4}
   (You found it on level 5 of the Dungeon)

   It affects your strength (+4).
   It affects your dexterity (-4).
   It insulates you from electricity.
   It increases damage dealt and taken.
 G - the +1 robe "Rujumun" (worn) {rF+ Str+2}
   (You found it on level 5 of the Dungeon)

   It affects your strength (+2).
   It protects you from fire.
Jewellery
 A - an amulet of faith (around neck)
 B - a ring of positive energy (left hand)
Wands
 c - a wand of flame (9)
 d - a wand of enslavement (14)
 e - a wand of random effects (2)
Scrolls
 a - 2 scrolls of fog
 f - 7 scrolls of remove curse
 j - 5 scrolls of enchant armour
 n - a scroll of amnesia
 s - a scroll of identify
 t - a scroll of enchant weapon {unknown}
 x - 2 scrolls of immolation {unknown}
 y - 2 scrolls of noise {unknown}
Potions
 i - a potion of degeneration {unknown}
 k - 4 potions of curing
 l - 2 potions of haste
 m - a potion of berserk rage {unknown}
 o - 3 potions of heal wounds {unknown}
 u - 4 potions of lignification
 v - a potion of brilliance {unknown}
 C - a potion of mutation
 D - a potion of resistance {unknown}
 E - a potion of attraction {unknown}
 H - a potion of might {unknown}


   Skills:
 + Level 4.3 Fighting
 + Level 4.8 Short Blades
 + Level 4.4 Armour
 + Level 4.0 Dodging
 + Level 4.2 Stealth
 + Level 4.6 Evocations


You had 7 spell levels left.
You didn't know any spells.
Your spell library contained the following spells:

 Spells                   Type           Power        Failure   Level
 Corona                   Hex            0%           34%         1
 Ensorcelled Hibernation  Hex/Ice        0%           47%         2
 Confusing Touch          Hex            0%           71%         3
 Dazzling Flash           Conj/Hex       0%           71%         3
 Tukima's Dance           Hex            0%           71%         3


Dungeon Overview and Level Annotations

Branches:
Dungeon (6/15)             Temple (1/1) D:4

Altars:
Ashenzari
Dithmenos
Elyvilon
Gozag
Hepliaklqana
Makhleb
Nemelex Xobeh
Okawaru
Ru
Sif Muna
Uskayaw
Vehumet
Wu Jian
Xom
Yredelemnul


Innate Abilities, Weirdness & Mutations

You have a pair of small antennae on your head.
You have a somewhat thin skeletal structure. (Dex +2, Stealth)
Your flesh is cold resistant. (rC+)


Message History

Your wight is destroyed!
Unknown command.
It was a potion of mutation.
You feel extremely strange.
You feel resistant to cold. A pair of antennae grows on your head!
Your bones become slightly less dense.
The centaur shoots an arrow.
The arrow hits you but does no damage. The wight barely misses your wight.
You feel better.
The wight hits your wight with a +4 short sword.
The centaur shoots an arrow.
The arrow hits you!
* * * LOW HITPOINT WARNING * * *
The centaur shoots an arrow.
The arrow barely misses you.
You see here an arrow.
Aiming: Enslavement
Press: ? - help, Shift-Dir - straight line, f - centaur, p - wight
Aim: a centaur, wielding a +0 shortbow and quivering 2 arrows (chance to affect: 60%)
The centaur resists with significant effort.
The ogre misses you.
The centaur shoots an arrow.
The arrow hits you!
You die...
Your body crumbles into a pile of gold.

......#.........####....
......#.........##......
................##......
.............(........$.
.........#.>..(........#
........###$(.........<.
........###..##.........
##.......($c.#...#.....#
###(..@#.#..##.##.....#
#.##zO.##O(#..##.#..#
.####.z.###.##.. ###.#
###.#....####......... .#
............##........ ..
##...........#...(..O.. ...
...................... ....
##.$......#...#.......
....##.........#...##......


You could see an ogre, a centaur, a wight and a friendly wight (charmed).

Vanquished Creatures
  Eustachio (D:5)
  Menkaure (D:4)
  2 sky beasts
  An ogre (D:4)
  A scorpion (D:5)
  A howler monkey (D:4)
  A crimson imp (D:3)
  4 hounds
  Crazy Yiuf (D:5)
  4 orc wizards (D:3)
  2 iguanas
  Natasha (thrice) (D:2)
  A worker ant zombie (D:5)
  4 gnolls
  7 adders
  A shadow imp (D:5)
  An ufetubus (D:5)
  2 oozes
  An adder skeleton (D:5)
  An adder zombie (D:5)
  A worm (D:3)
  A dart slug (D:3)
  5 leopard geckos
  17 orcs
  5 bats
  4 giant cockroaches
  18 goblins
  6 hobgoblins
  9 jackals
  10 kobolds
  5 frilled lizards
  A quokka skeleton (D:5)
  4 rats
126 creatures vanquished.

Vanquished Creatures (collateral kills)
  Blork the orc (D:5)
  A wight (D:6)
  Robin (D:2)
  3 goblins (D:2)
6 creatures vanquished.

Vanquished Creatures (others)
  A wight (D:6)
  2 gnolls (D:3)
  A jackal (D:4)
4 creatures vanquished.

Grand Total: 136 creatures vanquished

Notes
Turn   | Place    | Note
-------+----------+-------------------------------------------
     0 | D:1      | H0rd4k the Human Artificer began the quest for the Orb.
     0 | D:1      | Reached XP level 1. HP: 15/15 MP: 1/1
   263 | D:1      | Reached XP level 2. HP: 20/21 MP: 2/2
   950 | D:1      | Reached XP level 3. HP: 23/26 MP: 3/3
  1085 | D:2      | Noticed Natasha
  1090 | D:2      | Killed Natasha
  1221 | D:2      | Reached XP level 4. HP: 32/32 MP: 4/4
  1241 | D:2      | Reached skill level 1 in Short Blades
  1555 | D:2      | Noticed Natasha
  1566 | D:2      | Killed Natasha
  1902 | D:2      | Noticed Natasha
  1904 | D:2      | Noticed Robin
  1932 | D:2      | Killed Robin
  1933 | D:2      | Reached XP level 5. HP: 24/38 MP: 5/5
  1963 | D:2      | Killed Natasha
  2626 | D:3      | Reached XP level 6. HP: 36/44 MP: 6/6
  3707 | D:3      | Found a burning altar of Makhleb.
  4216 | D:4      | Found a staircase to the Ecumenical Temple.
  4225 | D:4      | Reached XP level 7. HP: 44/51 MP: 7/7
  4437 | Temple   | Entered the Ecumenical Temple
  4589 | Temple   | Became a worshipper of Gozag Ym Sagoz the Greedy
  4805 | D:4      | Noticed Menkaure
  4826 | D:4      | Killed Menkaure
  5259 | D:4      | HP: 2/52 [ogre/+0 giant club (7)]
  5814 | D:4      | Reached XP level 8. HP: 56/58 MP: 8/8
  6252 | D:5      | Entered Level 5 of the Dungeon
  6280 | D:5      | Got a bloodstained robe
  6291 | D:5      | Identified the +1 robe of Magic {Harm rElec Str+4 Dex-4}
                  | (You found it on level 5 of the Dungeon)
  6609 | D:5      | Noticed Eustachio
  6625 | D:5      | Got a fabulously ornate robe
  6636 | D:5      | Identified the cursed +1 robe "Rujumun" {rF+ Str+2} (You
                  | found it on level 5 of the Dungeon)
  6655 | D:5      | Noticed Blork the orc
  6859 | D:5      | Killed Eustachio
  7611 | D:5      | Found a runed translucent door.
  7612 | D:5      | Noticed Crazy Yiuf
  7885 | D:5      | Killed Crazy Yiuf
  8187 | D:5      | Found an iron altar of Okawaru.
  8477 | D:5      | Killed Blork the orc
  8685 | D:6      | Found a sparkling altar of Nemelex Xobeh.
  8747 | D:6      | Gained mutation: Your flesh is cold resistant. (rC+)
                  | [potion of mutation]
  8747 | D:6      | Gained mutation: You have a pair of small antennae on your
                  | head. [potion of mutation]
  8747 | D:6      | Gained mutation: You have a somewhat thin skeletal
                  | structure. (Dex +2, Stealth) [potion of mutation]
  8749 | D:6      | HP: 1/52 [centaur/arrow (12)]
  8750 | D:6      | Shot with an arrow by a centaur

Illustrated notes

Levels and vault maps discovered:
D:1:      lightli_iron_boxes, layout_loops_ring
D:2:      layout_basic, minmay_strange_pillars, minmay_goblin_outpost,
          uniq_robin, uniq_natasha
D:3:      layout_loops_ring, makhleb_grotto_becter, minmay_goblin_kobold_house
D:4:      layout_cave_pods, minmay_temple_entry_poolview, uniq_menkaure
D:5:      layout_loops_corners, okawaru_altar_gauntlet_db,
          kennysheep_generic_room_9, uniq_crazy_yiuf_cottage, uniq_eustachio,
          uniq_blork_the_orc
D:6:      layout_cave_pools, nemelex_xobeh_ov_fountains_minmay
Temple:   eino_temple_rhombus

Skill      XL: |  1  2  3  4  5  6  7  8 |
---------------+-------------------------+-----
Short Blades   | 1 2 3 4 |  4.8
Armour         | 3 4 |  4.4
Stealth        | 2 3 4 |  4.2
Fighting       | 2 3 4 |  4.3
Dodging        | 2 3 4 |  4.0
Evocations     | 4 |  4.6

Action                   |  1- 3 |  4- 6 |  7- 9 || total
-------------------------+-------+-------+-------++-------
Melee: Club              |    14 |       |       ||    14
       Short sword       |    78 |    71 |       ||   149
       Dagger            |       |   171 |   226 ||   397
Evoke: Wand              |     1 |     4 |    27 ||    32
  Use: Scroll            |       |       |     8 ||     8
       Potion            |       |       |     2 ||     2
 Stab: Sleeping          |     1 |     3 |     5 ||     9
       Distracted        |       |       |     1 ||     1
Armor: Leather armour    |    31 |    45 |     8 ||    84
       Robe              |       |       |    23 ||    23
Dodge: Dodged            |    70 |   134 |   147 ||   351
